 Dungeon Crawl Stone Soup version 0.25-a0-167-g836c352ace (webtiles) character file.

Game seed: 4996146700142873179, levelgen mode: deterministic

515 Leeroy the Sneak (level 7, 0/50 HPs)
             Began as a Pale Draconian Conjurer on Nov 25, 2019.
             Was a Follower of Okawaru.
             Slain by Sigmund
             ... wielding a +0 scythe
              (4 damage)
             ... on level 3 of the Dungeon.
             The game lasted 00:10:40 (5863 turns).

Leeroy the Sneak (Pale Draconian Conjurer)          Turns: 5863, Time: 00:10:40

Health: 0/50       AC: 11    Str: 11    XL:     7   Next: 0%
Magic:  13/13      EV: 12    Int: 22    God:    Okawaru [*.....]
Gold:   145        SH:  0    Dex: 11    Spells: 2/14 levels left

rFire    . . .     SeeInvis .   d - +0 short sword
rCold    . . .     Gourm    .   (no shield)
rNeg     . . .     Faith    .   (armour unavailable)
rPois    .         Spirit   .   (helmet restricted)
rElec    .         Reflect  .   (no cloak)
rCorr    .         Harm     .   h - +1 pair of gloves
MR       .....                  j - +2 pair of boots
Stlth    +++.......             (no amulet)
HPRegen  0.16/turn              (no ring)
MPRegen  0.13/turn              (no ring)

@: brilliant, slowed, very slow
A: breathe steam, unfitting armour, cold-blooded, AC +6
a: Breathe Steam, Heroism, Renounce Religion


You were on level 3 of the Dungeon.
You worshipped Okawaru.
Okawaru was aware of your devotion.
You were near starving.

You visited 1 branch of the dungeon, and saw 5 of its levels.

You collected 145 gold pieces.

Inventory:

Hand Weapons
 c - a +0 dagger
 d - a +0 short sword (weapon)
Missiles
 n - 19 sling bullets
Armour
 h - a +1 pair of gloves (worn)
 j - a +2 pair of boots (worn)
Scrolls
 g - 6 scrolls of identify {unknown}
 i - 3 scrolls of remove curse {unknown}
 l - a scroll of enchant armour {unknown}
 m - a scroll of teleportation {unknown}
 p - 2 scrolls of blinking {unknown}
 q - 2 scrolls of immolation {unknown}
 u - a scroll of fog {unknown}
 v - a scroll of noise {unknown}
Potions
 a - a potion of flight {unknown}
 e - 4 potions of curing {unknown}
 f - 2 potions of brilliance
 k - a potion of lignification {unknown}
 o - a potion of ambrosia {unknown}
 r - 2 potions of heal wounds {unknown}
 t - 2 potions of haste {unknown}
 w - 2 potions of might {unknown}
Comestibles
 b - 11 rations


   Skills:
 - Level 0.2 Short Blades
 - Level 1.7 Dodging
 - Level 6.0 Stealth
 - Level 4.3 Spellcasting
 + Level 4.1 Conjurations


You had 2 spell levels left.
You knew the following spells:

 Your Spells              Type           Power        Failure   Level  Hunger
a - Magic Dart            Conj           ####         1%          1    None
b - Searing Ray           Conj           #####.       1%          2    #......
c - Iskenderun's Mystic   Conj           #####...     2%          4    ####...
d - Dazzling Spray        Conj/Hex       ####..       1%          3    ##.....
e - Swiftness             Chrm/Air       ###.....     1%          2    #......

Your spell library contained the following spells:

 Spells                   Type           Power        Failure   Level  Hunger
 Shock                    Conj/Air       ####         1%          1    None
 Static Discharge         Conj/Air       ####....     1%          3    ##.....
 Force Lance              Conj/Tloc      ####....     5%          4    ####...
 Fulminant Prism          Conj/Hex       ####......   5%          4    ####...
 Airstrike                Air            ###.......   12%         4    ####...
 Lightning Bolt           Conj/Air       ####......   13%         5    ######.


Dungeon Overview and Level Annotations

Branches:
Dungeon (5/15)
 Temple: D:4-7

Altars:
Ashenzari
Dithmenos
Elyvilon
Hepliaklqana
Makhleb
Okawaru
Qazlal
Yredelemnul

Annotations:
D:3 Sigmund
D:5 Dowan, Duvessa


Innate Abilities, Weirdness & Mutations

You can breathe blasts of scalding, opaque steam.
Your pale cyan-grey scales are hard. (AC +6)
You cannot fit into any form of body armour.
You are cold-blooded and may be slowed by cold attacks.


Message History

* * * LOW HITPOINT WARNING * * *
Natasha stares at you and mumbles some strange words.
The magic dart hits you but does no damage.
Sigmund gestures at you while chanting. The puff of flame hits you.
* * * LOW HITPOINT WARNING * * *
It was a potion of brilliance.
You feel clever all of a sudden. Natasha claws you but does no damage.
You hit Natasha.
You kill Natasha!
Okawaru accepts your kill.
Natasha screams in fury as she dies!
You have reached level 7!
Your scales start taking on a pale cyan-grey colour.
You learn Fire Magic quicker.
You learn Air Magic quicker.
You learn Evocations quicker.
You can breathe blasts of scalding, opaque steam.
Sigmund hits you from afar with a +0 scythe.
You die...

..###.### ##########.....# ..#
#.#### #### #.....# .##
#.##.####..# #.....#
..#####...##...############÷....#
#.[[....#.....###...##.[.####.###
).#####...#...##..........###.#
.## ##.##...#.........<..#..# .#
#.#..)....>.........#.## .#
#.#.....†@..........#.#### .#
#.#....@#..........##.#... .##
##.##.........##...###.#...
..#####..h#.......#########..#...
#.......#.......### ###.#....
..#####...#..##.## #####........
.### ###.##(.....####......###.##
...# #.##....#[..##...##.#####.#
...###.#.....>##.##.####.# ##..##


You could see Sigmund.

Vanquished Creatures
  A crimson imp (D:4)
  3 hounds
  A centaur skeleton (D:4)
  A jelly (D:2)
  Natasha (twice) (D:3)
  An iguana (D:4)
  4 worker ants
  A howler monkey skeleton (D:4)
  10 adders
  An ooze (D:1)
  2 worms
  3 leopard geckos
  4 orcs
  5 giant cockroaches
  5 goblins
  3 hobgoblins
  4 quokkas
  5 bats
  7 frilled lizards
  A jackal skeleton (D:5)
  3 kobolds
  6 rats
73 creatures vanquished.

Notes
Turn   | Place    | Note
-------+----------+-------------------------------------------
     0 | D:1      | Leeroy the Draconian Conjurer began the quest for the Orb.
     0 | D:1      | Reached XP level 1. HP: 14/14 MP: 3/3
    75 | D:1      | Reached skill level 2 in Stealth
   454 | D:1      | Reached XP level 2. HP: 13/20 MP: 1/5
   461 | D:1      | Learned a level 2 spell: Searing Ray
   670 | D:1      | Reached skill level 3 in Stealth
  1103 | D:2      | Reached XP level 3. HP: 24/26 MP: 6/6
  1560 | D:2      | Reached skill level 4 in Stealth
  1619 | D:2      | Found a burning altar of Makhleb.
  1619 | D:2      | Noticed a green death
  1622 | D:2      | Noticed a ynoxinul
  1622 | D:2      | Noticed a smoke demon
  1714 | D:2      | Found an iron altar of Okawaru.
  1714 | D:2      | Found a hazy altar of Hepliaklqana.
  1719 | D:2      | Found a stormy altar of Qazlal.
  1722 | D:2      | Became a worshipper of Warmaster Okawaru
  1725 | D:2      | Found a shattered altar of Ashenzari.
  1727 | D:2      | Found a shadowy altar of Dithmenos.
  1882 | D:3      | Reached XP level 4. HP: 33/33 MP: 7/7
  1991 | D:3      | Learned a level 4 spell: Iskenderun's Mystic Blast
  2136 | D:3      | Noticed Sigmund
  2620 | D:3      | Reached skill level 5 in Stealth
  2622 | D:3      | Reached XP level 5. HP: 35/38 MP: 3/8
  3360 | D:3      | Noticed Natasha
  3363 | D:3      | Killed Natasha
  3402 | D:3      | Noticed Natasha
  3579 | D:4      | Reached skill level 6 in Stealth
  3807 | D:4      | Reached * piety under Okawaru
  3807 | D:4      | Reached XP level 6. HP: 37/45 MP: 4/9
  4115 | D:4      | Learned a level 3 spell: Dazzling Spray
  4119 | D:5      | Entered Level 5 of the Dungeon
  4756 | D:5      | Noticed Duvessa
  4845 | D:5      | Learned a level 2 spell: Swiftness
  5230 | D:5      | Noticed Dowan
  5326 | D:4      | Noticed an ice beast
  5401 | D:4      | Found a white marble altar of Elyvilon.
  5562 | D:4      | Found a basalt altar of Yredelemnul.
  5863 | D:3      | Killed Natasha
  5863 | D:3      | Your scales start taking on a pale cyan-grey colour.
  5863 | D:3      | Reached XP level 7. HP: 4/50 MP: 13/13
  5863 | D:3      | Slain by Sigmund

Levels and vault maps discovered:
D:1:      ncdulo_watergridlock, layout_loops_cross, corexii_leaking_fountain
D:2:      layout_loops_cross, chequers_temple_overflow_minitemple,
          makhleb_altar_promises_db, first_ration
D:3:      layout_rooms, minmay_misc_feat_tower, uniq_sigmund, uniq_natasha
D:4:      layout_basic, kennysheep_ying_yang
D:5:      layout_basic, uniq_duvessa

Skill      XL: |  1  2  3  4  5  6 |
---------------+-------------------+-----
Stealth        | 2 3 4 5 6 |  6.0
Spellcasting   | 4 |  4.3
Short Blades   | |  0.2
Dodging        | |  1.7
Conjurations   | |  4.1

Action                   |  1- 3 |  4- 6 |  7- 9 || total
-------------------------+-------+-------+-------++-------
Melee: Unarmed           |    38 |       |       ||    38
       Tailslap          |     5 |    22 |       ||    27
       Short sword       |    47 |   275 |       ||   322
       Dagger            |       |     2 |       ||     2
 Cast: Magic Dart        |     3 |       |       ||     3
       Searing Ray       |     3 |    18 |       ||    21
       Iskenderun's Myst |       |     1 |       ||     1
  Use: Potion            |       |     1 |       ||     1
 Stab: Sleeping          |     1 |     6 |       ||     7
  Eat: Chunk             |     3 |    13 |       ||    16
Armor: Skin              |    27 |   143 |       ||   170
Dodge: Dodged            |    62 |   233 |       ||   295

Table legend:
 A = Non-vault XP
 B = Vault XP
 C = Vault XP percentage of total XP
 D = Non-vault monster count
 E = Vault monster count
 F = Vault count percentage of total count
                 A         B        C        D         E       F
            +---------+---------+-------+---------+---------+-------
      Total |     702 |      35 |   4.7 |      72 |       1 |   1.4
            +---------+---------+-------+---------+---------+-------
        D:1 |      25 |       0 |   0.0 |      12 |       0 |   0.0
        D:2 |      73 |       0 |   0.0 |      12 |       0 |   0.0
        D:3 |     167 |      35 |  17.3 |      28 |       1 |   3.4
        D:4 |     290 |       0 |   0.0 |      13 |       0 |   0.0
        D:5 |     147 |       0 |   0.0 |       7 |       0 |   0.0
            +---------+---------+-------+---------+---------+-------
